 Dungeon Crawl Stone Soup version 0.19.5 (webtiles) character file.

41701 JeffiDaFish the Basher (level 14, -2/90 HPs)
             Began as a Gargoyle Fighter on Mar 13, 2017.
             Was a High Priest of Trog.
             Slain by SillyWilly's ghost (23 damage)
             ... on level 5 of the Lair of Beasts on Mar 14, 2017.
             The game lasted 00:33:57 (19301 turns).

JeffiDaFish the Basher (Gargoyle Fighter)          Turns: 19301, Time: 00:33:58

Health: -2/90      AC: 29    Str: 22    XL:     14   Next: 16%
Magic:  14/14      EV: 13    Int:  9    God:    Trog [*****.]
Gold:   1026       SH: 14    Dex: 15    Spells: 0 memorised, 13 levels left

rFire  . . .     SeeInvis .     p - +1 morningstar (elec)
rCold  . . .     Gourm    .     e - +3 plate armour
rNeg   + . .     Faith    .     c - +0 shield
rPois  ∞         Spirit   .     (no helmet)
rElec  +         Reflect  .     (no cloak)
rCorr  .         Harm     .     (no gloves)
MR     +....                    t - +0 pair of boots
Stlth  ..........               (no amulet)
                                q - +5 ring of evasion
                                y - +3 ring of dexterity

@: exhausted, flying, slowed, very slow
A: big wings, negative energy resistance 1, electricity resistance, unbreathing,
petrification resistance, rot immunity, AC +9
a: Stop Flying, Berserk, Trog's Hand, Brothers in Arms, Burn Spellbooks,
Renounce Religion


You were on level 5 of the Lair of Beasts.
You worshipped Trog.
Trog was extremely pleased with you.
You were hungry.

You visited 3 branches of the dungeon, and saw 18 of its levels.
You also visited: Sewer and Ossuary.

You collected 1026 gold pieces.

Inventory:

Hand Weapons
 p - a +1 morningstar of electrocution (weapon)
Armour
 c - a +0 shield (worn)
 e - a +3 plate armour (worn)
 t - a +0 pair of boots (worn)
Jewellery
 q - a +5 ring of evasion (right hand)
 r - an uncursed ring of protection from fire
 y - a +3 ring of dexterity (left hand)
Scrolls
 b - a scroll of fog
 g - 8 scrolls of identify
 j - a scroll of fear
 l - 3 scrolls of recharging
 m - 4 scrolls of teleportation
 n - 5 scrolls of remove curse
 w - a scroll of blinking
 C - a scroll of magic mapping
Potions
 k - 4 potions of curing
 o - a potion of might
 u - 2 potions of berserk rage
 v - 3 potions of magic
 x - a potion of agility
 B - a potion of resistance
Comestibles
 a - 3 slices of pizza
 d - 9 meat rations
 f - 11 bread rations
 h - 3 beef jerkies
 i - 4 chunks of flesh
 s - 19 fruits


   Skills:
 + Level 11.5 Fighting
 + Level 14.3 Maces & Flails
 + Level 11.1 Armour
 + Level 2.3 Dodging
 + Level 2.3 Stealth
 + Level 14.0 Shields
 + Level 0.2 Unarmed Combat


You had 13 spell levels left.
You didn't know any spells.

Dungeon Overview and Level Annotations

Branches:
Dungeon (12/15)            Temple (1/1) D:4            Lair (5/6) D:11
 Shoals (0/4) Lair:2        Snake (0/4) Lair:3          Orc (0/2) D:11
  Slime: Lair:5-6

Altars:
Ashenzari
Cheibriados
Dithmenos
Elyvilon
Fedhas
Gozag
Hepliaklqana
Kikubaaqudgha
Makhleb
Nemelex Xobeh
Okawaru
Qazlal
Ru
Sif Muna
Trog
Uskayaw
Vehumet
Xom
Yredelemnul
Zin
The Shining One

Annotations:
Lair:5 SillyWilly's ghost, journeyman TrMo


Innate Abilities, Weirdness & Mutations

You are resistant to torment.
Your stone body is resilient. (AC +9)
You are immune to poison.
Your large and strong wings let you fly indefinitely.
You resist negative energy. (rN+)
You are resistant to electric shocks. (rElec)
You can survive without breathing.
You are immune to petrification.
You are immune to rotting.


Message History

SillyWilly's ghost hits you.
* * * LOW HITPOINT WARNING * * *
You block the porcupine's attack. You block SillyWilly's ghost's attack.
You hit SillyWilly's ghost.
There is a sudden explosion of sparks!
SillyWilly's ghost is almost destroyed.
The porcupine closely misses you. You block SillyWilly's ghost's attack.
Your plate armour prevents you from hitting SillyWilly's ghost.
SillyWilly's ghost is almost destroyed.
You block the porcupine's attack. SillyWilly's ghost barely misses you.
You block the porcupine's attack.
You hit SillyWilly's ghost but do no damage.
There is a sudden explosion of sparks!
SillyWilly's ghost is almost destroyed.
You block the porcupine's attack.
SillyWilly's ghost completely misses you.
You feel much better. You block the porcupine's attack.
SillyWilly's ghost hits you!!
* * * LOW HITPOINT WARNING * * *
You block the porcupine's attack. SillyWilly's ghost hits you!!
You die...

. ..... ...... #...P
#..... ##...## ###....
P....# ......
##..>.###########....
#...$..#...P..#.P....
##..Wr...............
#...@......(.........
###...................
#.#...................
#..<.................
##...................
#....................
##................>...
#.....................
###...................


You could see a porcupine and SillyWilly's ghost.

Vanquished Creatures
  Rupert (Lair:4)
  Harold (Lair:4)
  2 hydras
  A catoblepas (Lair:4)
  Erica (D:8)
  7 death yaks
  Urug (Lair:3)
  Sonja (Lair:4)
  A wizard (D:10)
  A sea snake (Lair:2)
  2 unseen horrors (D:11)
  A hill giant (D:11)
  A cyclops (D:11)
  A siren (Lair:2)
  2 black mambas (Lair:2)
  8 elephants
  A torpor snail (Lair:4)
  7 spiny frogs
  Psyche (D:8)
  3 rime drakes
  6 komodo dragons
  A two-headed ogre (D:10)
  3 merfolk (Lair:2)
  12 blink frogs
  Prince Ribbit (D:8)
  Grinder (D:6)
  6 hippogriffs
  42 yaks
  2 wyverns
  A wraith (D:10)
  4 basilisks
  2 hungry ghosts
  A warg (D:11)
  A naga (Lair:3)
  A mottled dragon (Lair:2)
  Duvessa (D:7)
  6 porcupines
  4 water moccasins
  4 sky beasts
  An ice beast (D:11)
  3 phantoms
  3 orc warriors
  2 black bears
  7 wolves (Lair:1)
  3 eyes of draining
  An ogre (D:5)
  5 centaurs
  3 crocodiles (Lair:4)
  A big kobold (D:10)
  The ghost of raszama the Sneak, an amateur SpEn (Sewer)
  2 wyvern zombies (D:10)
  11 bullfrogs
  A gnoll sergeant (D:7)
  Dowan (D:7)
  A wyvern skeleton (D:11)
  2 scorpions
  4 killer bees (D:7)
  2 electric eels
  A howler monkey (D:5)
  3 crimson imps
  A bullfrog zombie (D:5)
  2 quasits (D:8)
  4 jellies
  3 hounds
  6 orc priests
  7 orc wizards
  A bullfrog skeleton (D:5)
  A centaur skeleton (D:6)
  Terence (D:3)
  15 iguanas
  11 worker ants
  A hound skeleton (D:5)
  A hound zombie (D:7)
  13 mummies (Ossuary)
  3 worker ant zombies
  13 adders
  8 gnolls
  4 shadow imps
  5 adder zombies
  An adder skeleton (D:5)
  4 worms
  12 leopard geckos
  39 orcs
  3 ball pythons
  2 bats
  2 bat zombies (D:7)
  11 giant cockroaches
  4 goblins
  6 hobgoblins
  3 jackals (D:1)
  4 quokkas
  8 frilled lizards
  A giant cockroach zombie (D:5)
  3 gnoll skeletons (Ossuary)
  14 kobolds
  2 kobold skeletons (Ossuary)
  A leopard gecko skeleton (D:4)
  2 orc skeletons (Ossuary)
  12 rats
  11 rat skeletons (Ossuary)
  A rat zombie (D:7)
447 creatures vanquished.

Vanquished Creatures (others)
  A kobold skeleton (Ossuary)
  4 fungi
  7 plants
12 creatures vanquished.

Grand Total: 459 creatures vanquished

Notes
Turn   | Place    | Note
-------+----------+-------------------------------------------
     0 | D:1      | JeffiDaFish the Gargoyle Fighter began the quest for the Orb.
     0 | D:1      | Reached XP level 1. HP: 14/14 MP: 1/1
   104 | D:1      | Reached XP level 2. HP: 19/19 MP: 2/2
   817 | D:2      | Reached XP level 3. HP: 22/23 MP: 3/3
   857 | D:2      | Gained mutation: Your flesh is heat resistant. (rF+) [potion of mutation]
   857 | D:2      | Gained mutation: You are weak. (Str -2) [potion of mutation]
   977 | D:2      | Reached XP level 4. HP: 25/29 MP: 4/4
  1561 | D:3      | Noticed a centaur
  1573 | D:3      | Killed a centaur
  1573 | D:3      | Reached XP level 5. HP: 18/33 MP: 5/5
  1756 | D:3      | Noticed Terence
  1772 | D:3      | Killed Terence
  2003 | D:4      | Found a glowing drain.
  2022 | D:4      | Reached XP level 6. HP: 32/38 MP: 6/6
  2037 | Sewer    | Entered a sewer
  2043 | Sewer    | Noticed raszama's ghost (amateur SpEn)
  2057 | Sewer    | Killed raszama's ghost
  2057 | Sewer    | Reached skill level 5 in Shields
  2591 | D:4      | Found a staircase to the Ecumenical Temple.
  2601 | Temple   | Entered the Ecumenical Temple
  2806 | Temple   | Became a worshipper of Trog the Wrathful
  3231 | D:4      | Noticed a phantom
  3300 | D:4      | Killed a phantom
  3300 | D:4      | Reached XP level 7. HP: 40/43 MP: 7/7
  3591 | D:5      | Entered Level 5 of the Dungeon
  3688 | D:5      | Reached skill level 5 in Maces & Flails
  3905 | D:5      | Reached skill level 1 in Dodging
  3914 | D:5      | Reached * piety under Trog
  3949 | D:5      | Found a white marble altar of Elyvilon.
  4070 | D:5      | Reached XP level 8. HP: 48/48 MP: 8/8
  4111 | D:5      | Reached skill level 5 in Armour
  4441 | D:6      | Noticed Grinder
  4441 | D:6      | Paralysed by Grinder for 3 turns
  4463 | D:6      | Killed Grinder
  4463 | D:6      | Reached skill level 5 in Fighting
  4531 | D:6      | Found a glowing silver altar of Zin.
  4656 | D:6      | Found a white marble altar of Elyvilon.
  4811 | D:6      | Found a sand-covered staircase.
  4820 | Ossuary  | Entered an ossuary
  4964 | Ossuary  | Reached ** piety under Trog
  5384 | D:6      | Reached skill level 1 in Stealth
  5384 | D:6      | Reached XP level 9. HP: 52/55 MP: 9/9
  5523 | D:6      | Found a deep blue altar of Sif Muna.
  5662 | D:6      | Found a shadowy altar of Dithmenos.
  6426 | D:7      | Reached *** piety under Trog
  6878 | D:7      | Found an ancient bone altar of Kikubaaqudgha.
  7078 | D:7      | Noticed Duvessa
  7109 | D:7      | Noticed Dowan
  7120 | D:7      | Killed Duvessa
  7153 | D:7      | Killed Dowan
  7449 | D:8      | Noticed Prince Ribbit
  7627 | D:8      | Killed Prince Ribbit
  7627 | D:8      | Reached XP level 10. HP: 9/61 MP: 10/10
  7889 | D:8      | Noticed Psyche
  7905 | D:8      | Killed Psyche
  8298 | D:8      | Found a glowing golden altar of the Shining One.
  8298 | D:8      | Found a faded altar of an unknown god.
  8303 | D:8      | Found a burning altar of Makhleb.
  8305 | D:8      | Found an iron altar of Okawaru.
  8307 | D:8      | Found a faded altar of an unknown god.
  8376 | D:8      | Noticed Erica
  8420 | D:8      | Killed Erica
  8878 | D:9      | Reached skill level 10 in Maces & Flails
  8954 | D:9      | Reached **** piety under Trog
  9000 | D:9      | Found a shimmering altar of Xom.
  9491 | D:9      | Found a radiant altar of Vehumet.
  9543 | D:10     | Entered Level 10 of the Dungeon
  9733 | D:10     | Found a sparkling altar of Nemelex Xobeh.
  9870 | D:10     | Noticed a wizard
  9884 | D:10     | Killed a wizard
  9884 | D:10     | Reached XP level 11. HP: 51/68 MP: 11/11
 10648 | D:11     | Killed an unseen horror
 10873 | D:11     | Noticed a cyclops
 10886 | D:11     | Killed a cyclops
 10886 | D:11     | Reached skill level 10 in Shields
 11081 | D:11     | Found a staircase to the Lair.
 11377 | D:11     | Killed an unseen horror
 11377 | D:11     | Reached ***** piety under Trog
 11397 | D:11     | Found a staircase to the Orcish Mines.
 11606 | D:11     | Noticed a hill giant
 11615 | D:11     | Killed a hill giant
 11898 | D:12     | Received a gift from Trog
 11966 | Lair:1   | Entered Level 1 of the Lair of Beasts
 11968 | Lair:1   | Noticed a five-headed hydra
 11986 | Lair:1   | Killed a five-headed hydra
 12188 | Lair:1   | Reached XP level 12. HP: 65/76 MP: 12/12
 13886 | Lair:2   | Reached skill level 10 in Fighting
 14724 | Lair:2   | Found a staircase to the Shoals.
 14760 | Lair:2   | Reached XP level 13. HP: 44/82 MP: 13/13
 15867 | Lair:3   | Noticed Urug
 15882 | Lair:3   | Killed Urug
 16012 | Lair:3   | Found a staircase to the Snake Pit.
 16247 | Lair:3   | Reached skill level 10 in Armour
 17091 | Lair:4   | Lost mutation: You are weak. (Str -2) [potion of cure mutation]
 17091 | Lair:4   | Lost mutation: Your flesh is heat resistant. (rF+) [potion of cure mutation]
 17208 | Lair:4   | Noticed Harold
 17586 | Lair:4   | Killed Harold
 17734 | Lair:4   | Noticed Rupert
 17760 | Lair:4   | Killed Rupert
 18225 | Lair:4   | Gained mutation: Your large and strong wings let you fly indefinitely. [Gargoyle growth]
 18225 | Lair:4   | Reached XP level 14. HP: 57/90 MP: 14/14
 18467 | Lair:4   | Noticed Sonja
 18529 | Lair:4   | Killed Sonja
 19273 | Lair:5   | Noticed SillyWilly's ghost (journeyman TrMo)
 19301 | Lair:5   | Slain by SillyWilly's ghost

Skill      XL: |  1  2  3  4  5  6  7  8  9 10 11 12 13 14 |
---------------+-------------------------------------------+-----
Shields        | 4 5 6 7 8 9 10 12 13 14 | 14.0
Maces & Flails | 3 4 5 7 9 10 12 13 14 | 14.3
Armour         | 4 5 6 7 8 9 10 11 | 11.1
Fighting       | 4 5 6 7 9 10 11 | 11.5
Dodging        | 1 2 |  2.3
Stealth        | 1 2 |  2.3
Unarmed Combat | |  0.2

Action                   |  1- 3 |  4- 6 |  7- 9 | 10-12 | 13-15 || total
-------------------------+-------+-------+-------+-------+-------++-------
Melee: Flail             |    90 |   306 |   768 |  1148 |   631 ||  2943
       Morningstar       |       |       |    20 |    51 |    85 ||   156
       Unarmed           |       |       |       |     7 |       ||     7
Invok: Berserk           |       |       |       |       |     1 ||     1
 Abil: Fly               |       |       |       |       |     1 ||     1
  Use: Scroll            |     6 |     2 |     7 |     8 |     5 ||    28
       Potion            |     3 |     3 |     5 |     9 |     5 ||    25
 Stab: Invisible         |       |       |     1 |       |       ||     1
  Eat: Chunk             |       |     7 |    13 |    27 |    10 ||    57
       Beef jerky        |       |     1 |       |       |       ||     1
       Royal jelly       |       |       |     1 |       |       ||     1
       Meat ration       |       |       |     1 |       |       ||     1
       Fruit             |       |       |       |       |     2 ||     2
       Bread ration      |       |       |       |       |     1 ||     1
Armor: Plate armour      |    64 |   274 |   580 |   753 |   306 ||  1977
       Scale mail        |     4 |       |       |       |       ||     4
       Skin              |       |       |       |     5 |       ||     5
Dodge: Dodged            |    10 |    61 |   155 |   426 |   244 ||   896
Block: Shield            |    47 |   191 |   431 |   724 |   399 ||  1792
